 Dungeon Crawl Stone Soup version 0.24-a0-7-g1bb0902 (webtiles) character file.

Game seed: 13098952528249749332

1677 poirepourri the Basher (level 9, -1/51 HPs)
             Began as a Gargoyle Fighter on Jan 30, 2019.
             Slain by a killer bee (5 damage)
             ... on level 5 of the Dungeon.
             The game lasted 00:07:00 (5869 turns).

poirepourri the Basher (Gargoyle Fighter)           Turns: 5869, Time: 00:07:01

Health: -1/51      AC: 13    Str: 20    XL:     9   Next: 1%
Magic:  9/9        EV:  7    Int: 14    God:
Gold:   382        SH: 12    Dex: 12    Spells: 8/8 levels left

rFire    . . .     SeeInvis .   a - +1 flail
rCold    . . .     Gourm    .   p - +3 shield
rNeg     + . .     Faith    .   b - +0 scale mail
rPois    ∞         Spirit   .   (no helmet)
rElec    +         Reflect  .   (no cloak)
rCorr    .         Harm     .   (no gloves)
MR       .....                  (no boots)
Stlth    ..........             (no amulet)
HPRegen  0.17/turn              (no ring)
MPRegen  0.11/turn              (no ring)

@: brilliant
A: negative energy resistance 1, electricity resistance, unbreathing,
petrification resistance, rot immunity, AC +6
a: no special abilities


You were on level 5 of the Dungeon.
You were not hungry.

You visited 1 branch of the dungeon, and saw 6 of its levels.

You collected 382 gold pieces.

Inventory:

Hand Weapons
 a - a +1 flail (weapon)
Missiles
 c - 6 tomahawks (quivered)
 d - 8 silver javelins
 l - 17 bolts
 m - 2 tomahawks of returning
Armour
 b - a +0 scale mail (worn)
 p - a +3 shield (worn)
Jewellery
 s - an uncursed ring of wizardry {unknown}
Wands
 i - a wand of iceblast (15)
 n - a wand of polymorph (5)
Scrolls
 e - a scroll of magic mapping
 o - 3 scrolls of identify
 r - a scroll of noise
 t - a scroll of fog
 w - a scroll of remove curse
Potions
 g - a potion of mutation
 h - a potion of agility {unknown}
 j - a potion of invisibility {unknown}
 k - 2 potions of brilliance
 u - a potion of flight {unknown}
Comestibles
 f - 4 rations


   Skills:
 - Level 3.2 Fighting
 + Level 11.2 Maces & Flails
 - Level 3.2 Armour
 - Level 3.2 Shields


You had 8 spell levels left.
You didn't know any spells.
Your spell library was empty.

Dungeon Overview and Level Annotations

Branches:
Dungeon (6/15)
 Temple: D:4-7

Altars:
Ashenzari
Elyvilon
Kikubaaqudgha
Qazlal
Uskayaw
Vehumet
Yredelemnul
Zin
The Shining One

Portals:
Abyss: D:1***

Annotations:
D:5 1 runed translucent door


Innate Abilities, Weirdness & Mutations

You are resistant to torment.
Your stone body is resilient. (AC +6)
You are immune to poison.
You resist negative energy. (rN+)
You are resistant to electric shocks. (rElec)
You can survive without breathing.
You are immune to petrification.
You are immune to rotting.


Message History

The killer bee stings you. You block the killer bee's attack.
The killer bee closely misses you.
You barely miss the killer bee.
The killer bee is almost dead.
The killer bee stings you but does no damage.
The killer bee stings you.
* * * LOW HITPOINT WARNING * * *
You closely miss the killer bee.
The killer bee is almost dead.
You block the killer bee's attack. The killer bee closely misses you.
The killer bee stings you.
* * * LOW HITPOINT WARNING * * *
The killer bee stings you.
* * * LOW HITPOINT WARNING * * *
Unknown command.
Unknown command.
It was a potion of brilliance.
You feel clever all of a sudden. The killer bee stings you.
You die...

#####.# ######...#
......# #........#
####..# #)####...#
# #..# #.# #####
####..# #.#
......# #.#
.###.### #.#
.#.....# #y#
.#.#...#########@#
...#.#.......(..y#
.........##..#####
...####...#..#
.#.#.(#.).#..#
...#.(#._.#..#
.#.#..#......#
...####...#..#
.........##..#
#####


You could see 2 killer bees.

Vanquished Creatures
  An ogre (D:5)
  An orc warrior (D:2)
  3 centaurs (D:5)
  5 big kobolds (D:3)
  A bullfrog (D:6)
  A scorpion (D:5)
  A crimson imp (D:5)
  A bullfrog zombie (D:5)
  4 orc priests
  2 hounds (D:4)
  4 worker ants
  Natasha (D:3)
  3 orc wizards
  A hound zombie (D:5)
  3 gnolls (D:3)
  5 adders
  2 shadow imps (D:5)
  4 oozes
  4 worms
  3 dart slugs
  4 leopard geckos
  27 orcs
  10 giant cockroaches
  8 goblins
  8 hobgoblins
  15 jackals
  49 kobolds
  5 quokkas
  8 bats
  6 frilled lizards
  A leopard gecko skeleton (D:5)
  A quokka zombie (D:5)
  4 rats
196 creatures vanquished.

Vanquished Creatures (others)
  A hound (D:6)
1 creature vanquished.

Grand Total: 197 creatures vanquished

Notes
Turn   | Place    | Note
-------+----------+-------------------------------------------
     0 | D:1      | poirepourri the Gargoyle Fighter began the quest for the
                  | Orb.
     0 | D:1      | Reached XP level 1. HP: 14/14 MP: 1/1
    51 | D:1      | Reached XP level 2. HP: 17/19 MP: 2/2
    54 | D:1      | Found a shattered altar of Ashenzari.
   132 | D:1      | Reached skill level 3 in Maces & Flails
   252 | D:1      | Reached XP level 3. HP: 21/23 MP: 3/3
   791 | D:2      | Found a radiant altar of Vehumet.
   791 | D:2      | Found a basalt altar of Yredelemnul.
   791 | D:2      | Found an ancient bone altar of Kikubaaqudgha.
   791 | D:2      | Noticed an orc warrior
   812 | D:2      | Killed an orc warrior
   812 | D:2      | Reached skill level 5 in Maces & Flails
   812 | D:2      | Reached XP level 4. HP: 20/28 MP: 4/4
   812 | D:2      | Reached XP level 5. HP: 23/32 MP: 5/5
  1237 | D:2      | Reached skill level 6 in Maces & Flails
  1550 | D:3      | Reached XP level 6. HP: 37/37 MP: 6/6
  1553 | D:3      | Found a white marble altar of Elyvilon.
  2409 | D:3      | Found a glowing golden altar of the Shining One.
  2790 | D:3      | Reached skill level 7 in Maces & Flails
  2790 | D:3      | Reached XP level 7. HP: 28/41 MP: 7/7
  3048 | D:3      | Noticed Natasha
  3072 | D:3      | Killed Natasha
  3088 | D:3      | Reached skill level 8 in Maces & Flails
  3938 | D:4      | Reached skill level 9 in Maces & Flails
  3938 | D:4      | Reached XP level 8. HP: 46/46 MP: 8/8
  4849 | D:5      | Entered Level 5 of the Dungeon
  4887 | D:5      | Noticed a +0 hand axe
  4887 | D:5      | Noticed a +0 dagger
  4888 | D:5      | Found a hide-covered altar of Uskayaw.
  4934 | D:5      | Found a glowing silver altar of Zin.
  4934 | D:5      | Found a runed translucent door.
  4934 | D:5      | Noticed an angel
  5059 | D:5      | Reached skill level 10 in Maces & Flails
  5142 | D:5      | Found a stormy altar of Qazlal.
  5145 | D:5      | Noticed a water elemental
  5145 | D:5      | Noticed an air elemental
  5604 | D:6      | Reached skill level 11 in Maces & Flails
  5634 | D:5      | Reached XP level 9. HP: 18/51 MP: 9/9
  5869 | D:5      | Slain by a killer bee

Vault maps used:
D:1:      minmay_arrival_glassed_features, nicolae_ashenzari_panopticon
D:2:      wander_river, chequers_temple_overflow_statue_of_worship
D:3:      minmay_goblin_kobold_castle, nicolae_overflow_hidden_temple,
          tso_metal_star, first_ration, serial_corexii_hall,
          corexii_hall_statues_u, corexii_hall_statues_deadend, uniq_natasha
D:5:      nicolae_qazlal_style_of_elements, dancing_weapons_uskayaw,
          lemuel_angel_altar
D:6:      nicolae_overflow_crystal_walls, dk_yredelemnul_ordeal

Skill      XL: |  1  2  3  4  5  6  7  8 |
---------------+-------------------------+-----
Maces & Flails | 3 5 6 7 9 11 | 11.2
Fighting       | |  3.2
Armour         | |  3.2
Shields        | |  3.2

Action                   |  1- 3 |  4- 6 |  7- 9 || total
-------------------------+-------+-------+-------++-------
Melee: Flail             |    97 |   248 |   437 ||   782
  Use: Scroll            |     2 |     4 |     3 ||     9
       Potion            |     1 |     1 |     6 ||     8
  Eat: Ration            |       |     2 |     3 ||     5
Armor: Scale mail        |    86 |   141 |   262 ||   489
       Skin              |       |       |   107 ||   107
Dodge: Dodged            |    36 |    91 |   188 ||   315
Block: Shield            |    72 |   205 |   436 ||   713

Table legend:
 A = Non-vault XP
 B = Vault XP
 C = Vault XP percentage of total XP
 D = Non-vault monster count
 E = Vault monster count
 F = Vault count percentage of total count
                 A         B        C        D         E       F
            +---------+---------+-------+---------+---------+-------
      Total |    1764 |     633 |  26.4 |     145 |      52 |  26.4
            +---------+---------+-------+---------+---------+-------
        D:1 |      49 |       0 |   0.0 |      21 |       0 |   0.0
        D:2 |     268 |       1 |   0.4 |      29 |       1 |   3.3
        D:3 |     201 |     632 |  75.9 |      41 |      51 |  55.4
        D:4 |     308 |       0 |   0.0 |      19 |       0 |   0.0
        D:5 |     764 |       0 |   0.0 |      28 |       0 |   0.0
        D:6 |     174 |       0 |   0.0 |       7 |       0 |   0.0
            +---------+---------+-------+---------+---------+-------
